[Event "ICCopen2017"]
[Site "Internet Chess Club"]
[Date "2017.03.25"]
[Round "6"]
[White "chigato"]
[Black "bennywins"]
[Result "1-0"]
[ICCResult "Black checkmated"]
[WhiteElo "1724"]
[BlackElo "1458"]
[Opening "Gedult's opening"]
[ECO "A00"]
[Time "15:06:54"]
[TimeControl "180+0"]

1. f3 d5 2. e4 c5 3. Bd3 dxe4 4. Bxe4 Nf6 5. Bd3 Nc6 6. Ne2 e6 7. Bb5 Bd7 8.
c3 Be7 9. Ba4 O-O 10. Bc2 h6 11. d3 a6 12. Be3 b5 13. Nd2 Nd5 14. Bf2 b4 15.
O-O bxc3 16. bxc3 Bf6 17. Ne4 Qe7 18. Bxc5 Qd8 19. Nxf6+ Qxf6 20. Bxf8 Rxf8
21. d4 e5 22. Qd3 g6 23. Rfe1 exd4 24. cxd4 Ncb4 25. Qb3 a5 26. Be4 Be6 27.
Qd1 Ne3 28. Qd2 Qg5 29. f4 Nc4 30. Qc3 Qe7 31. a3 Nd5 32. Qg3 h5 33. Bxd5
Bxd5 34. Nc3 Qa7 35. Red1 Be6 36. Kh1 Re8 37. d5 Bf5 38. a4 Qc5 39. Re1 Nd2
40. Rxe8+ Kg7 41. Rae1 Qxc3 42. Qxc3+ f6 43. R8e7+ Kh6 44. Qc7 Bh3 45. Rh7#
{Black checkmated}
1-0

[Event "ICCopen2017"]
[Site "Internet Chess Club"]
[Date "2017.03.25"]
[Round "6"]
[White "Chigorinetz"]
[Black "magnuswizard"]
[Result "1-0"]
[ICCResult "Black forfeits on time"]
[WhiteElo "1817"]
[BlackElo "1811"]
[Opening "Bishop's opening: Berlin defense"]
[ECO "C24"]
[NIC "IG.04"]
[Time "15:05:13"]
[TimeControl "180+0"]

1. e4 e5 2. Bc4 Nf6 3. d3 c6 4. Nf3 d5 5. Bb3 Bd6 6. Nc3 dxe4 7. Nxe4 Nxe4
8. dxe4 Bb4+ 9. c3 Qxd1+ 10. Kxd1 Bd6 11. Ke2 O-O 12. Rd1 Bc7 13. Bg5 Bg4
14. h3 Bh5 15. Be7 Re8 16. Bd6 Bxd6 17. Rxd6 Na6 18. Rad1 Nc5 19. Bc2 Bg6
20. Ke3 a5 21. Nh4 a4 22. g3 f6 23. Nxg6 hxg6 24. a3 Re7 25. Rd8+ Rxd8 26.
Rxd8+ Kf7 27. Ra8 b5 28. Rc8 Re6 29. Rc7+ Kg8 30. Bb1 Rd6 31. Bc2 g5 32. h4
gxh4 33. gxh4 Kh7 34. Ra7 Kh6 35. c4 Ne6 36. cxb5 cxb5 37. Rb7 Nd4 38. Bd1
Rc6 39. Kd3 Rc1 40. Bg4 Rc2 41. Rb8 g6 42. Rb6 Rxf2 43. Kc3 Rf4 44. Bd1 Rxe4
45. Rxf6 Rxh4 46. Rf8 Rh3+ 47. Kb4 Kg5 48. Re8 Re3 49. Kc5 Rd3 50. Rxe5+ Kf4
51. Re1 Nf5 52. Kxb5 Rd2 53. Bxa4 Rxb2+ 54. Kc4 Ne3+ 55. Kc3 Ra2 56. Kb3 Rd2
57. Bc6 Rd3+ 58. Kb4 Nc2+ 59. Kc4 Nxe1 60. a4 Rd1 61. a5 Rc1+ 62. Kd5 Nd3
63. Bb5 Nb4+ 64. Kd4 Rb1 65. Kc4 Na2 66. a6 Ra1 67. Kc5 Nc3 68. Bc4
{Black forfeits on time}
1-0

[Event "ICCopen2017"]
[Site "Internet Chess Club"]
[Date "2017.03.25"]
[Round "6"]
[White "carpedef"]
[Black "ol4ik"]
[Result "0-1"]
[ICCResult "White forfeits on time"]
[WhiteElo "1760"]
[BlackElo "2134"]
[Opening "Sicilian defense"]
[ECO "B30"]
[NIC "SI.31"]
[Time "15:05:41"]
[TimeControl "180+0"]

1. e4 c5 2. Nf3 Nc6 3. d3 e5 4. g3 d6 5. Bg2 Be7 6. O-O Nf6 7. c3 O-O 8. Ne1
Bg4 9. f3 Bh5 10. g4 Bg6 11. f4 exf4 12. Bxf4 Nd7 13. d4 Qb6 14. d5 Nce5 15.
b3 c4+ 16. Kh1 cxb3 17. axb3 Rac8 18. c4 Nc5 19. Nd2 Bf6 20. Rb1 a5 21. g5
Be7 22. h4 f5 23. h5 Be8 24. exf5 Rxf5 25. Ne4 Bd7 26. Nxc5 Qxc5 27. Be4
Rff8 28. Qc2 Bxg5 29. Bxh7+ Kh8 30. Ng2 Bxf4 31. Nxf4 Qe3 32. Rbe1 Qg3 33.
Bg6 Rxf4 34. Rxf4 Qxf4 35. Qg2 Qh4+ 36. Kg1 Qxe1+ 37. Kh2 Qh4+ 38. Kg1 Rf8
39. Be4 Ng4 40. Qe2 Rf2 41. Qxg4 Bxg4 42. Bg2 Qg3 {White forfeits on time}
0-1

[Event "ICCopen2017"]
[Site "Internet Chess Club"]
[Date "2017.03.25"]
[Round "6"]
[White "EGK"]
[Black "quixotic"]
[Result "1-0"]
[ICCResult "Black forfeits on time"]
[WhiteElo "1908"]
[BlackElo "1533"]
[Opening "QGD Slav: 4.Nc3"]
[ECO "D15"]
[NIC "SL.03"]
[Time "15:06:15"]
[TimeControl "180+0"]

1. d4 d5 2. c4 c6 3. Nf3 Nf6 4. Nc3 Bf5 5. Qb3 b6 6. Ne5 e6 7. cxd5 exd5 8.
Bg5 Be7 9. e3 O-O 10. Be2 Ne4 11. Bxe7 Qxe7 12. O-O Nd2 13. Qa4 Nxf1 14.
Rxf1 Qd6 15. Rc1 f6 16. Nxc6 Nxc6 17. Nxd5 Bd7 18. Bb5 Rfc8 19. Bxc6 Bxc6
20. Rxc6 Rxc6 21. Qxc6 Qxc6 22. Ne7+ Kf7 23. Nxc6 a6 24. d5 Rc8 25. e4 Ke8
26. f3 Kd7 27. Kf2 Kd6 28. Ke3 a5 29. Kd4 g6 30. f4 h5 31. e5+ fxe5+ 32.
fxe5+ Kd7 33. Kc4 Rc7 34. Kb5 Rb7 35. Ka6 Rc7 36. Kxb6 Rc8 37. e6+ Kd6 38.
Na7 Rb8+ 39. Kxa5 Rxb2 40. Nb5+ Kxd5 41. e7 Rxa2+ 42. Kb6 Re2 43. Nc3+ Ke6
44. e8=Q+ Kd6 45. Qxe2 {Black forfeits on time} 1-0

[Event "ICCopen2017"]
[Site "Internet Chess Club"]
[Date "2017.03.25"]
[Round "6"]
[White "Datwinnik"]
[Black "Knight-Rookie"]
[Result "0-1"]
[ICCResult "White forfeits on time"]
[WhiteElo "1335"]
[BlackElo "1248"]
[Opening "Lengfellner system"]
[ECO "C01"]
[NIC "FR.01"]
[Time "15:06:40"]
[TimeControl "180+0"]

1. e4 e6 2. d4 d6 3. Nc3 Ne7 4. f4 g6 5. Nf3 Bg7 6. Be3 O-O 7. Qd2 Nd7 8.
Be2 a6 9. O-O b5 10. a3 Bb7 11. Rad1 Qe8 12. Nh4 Rd8 13. f5 exf5 14. exf5
Nf6 15. Bh6 Bc8 16. Bxg7 Kxg7 17. Qg5 h6 18. Qf4 g5 19. Qg3 Kh7 20. Nf3 Nxf5
21. Qf2 Qd7 22. Bd3 Ng4 23. Qd2 Kg7 24. Nxg5 Nfe3 25. Nh3 Nxd1 26. Rxd1 Rde8
27. Nf2 Nxf2 28. Qxf2 Qg4 29. Rf1 Re6 30. Nd5 Bb7 31. Ne3 Qg5 32. Nf5+ Kh8
33. Ng3 f6 34. c3 Qe3 35. Nf5 Qxf2+ 36. Rxf2 Re1+ 37. Rf1 Rxf1+ 38. Kxf1 Rg8
39. g3 h5 40. Ne7 Re8 41. Ng6+ Kg7 42. Nf4 Kh6 43. Kf2 Kg5 44. Nh3+ Kg4 45.
Nf4 f5 46. h3+ Kg5 47. h4+ Kg4 {White forfeits on time} 0-1

[Event "ICCopen2017"]
[Site "Internet Chess Club"]
[Date "2017.03.25"]
[Round "6"]
[White "HangMySack"]
[Black "tdimarco"]
[Result "1-0"]
[ICCResult "Black checkmated"]
[WhiteElo "1708"]
[BlackElo "1253"]
[Opening "QGD: semi-Slav, Noteboom variation"]
[ECO "D02"]
[NIC "QP.09"]
[Time "15:07:10"]
[TimeControl "180+0"]

1. Nf3 d5 2. d4 e6 3. c4 dxc4 4. Nc3 c6 5. e4 b5 6. b3 cxb3 7. Qxb3 a6 8. a4
Bd7 9. axb5 cxb5 10. Nxb5 Qb6 11. d5 exd5 12. Be3 Qc6 13. exd5 Qc8 14. Rc1
Qd8 15. Nc7+ Ke7 16. Qb4+ Kf6 17. Qh4+ Kf5 18. Bd3# {Black checkmated} 1-0

[Event "ICCopen2017"]
[Site "Internet Chess Club"]
[Date "2017.03.25"]
[Round "6"]
[White "cloak1"]
[Black "iliketal"]
[Result "0-1"]
[ICCResult "White checkmated"]
[WhiteElo "1852"]
[BlackElo "1664"]
[Opening "Sicilian: Nimzovich-Rossolimo attack (without ...d6)"]
[ECO "B30"]
[NIC "SI.31"]
[Time "15:06:08"]
[TimeControl "180+0"]

1. e4 c5 2. Nf3 Nc6 3. Bb5 Qb6 4. Nc3 e6 5. O-O d6 6. d4 cxd4 7. Nxd4 Bd7 8.
Be3 Qc7 9. Be2 a6 10. f4 Be7 11. Kh1 Nf6 12. Bf3 O-O 13. Qe2 Rac8 14. a3 b5
15. Rad1 Nxd4 16. Bxd4 Bc6 17. e5 Ne8 18. exd6 Nxd6 19. Be5 Bxf3 20. Rxf3
Qb6 21. Bd4 Qc6 22. Be5 Nf5 23. Rfd3 Qc4 24. g3 b4 25. axb4 Bxb4 26. Kg2 a5
27. Kh3 a4 28. Nxa4 Qxc2 29. Qxc2 Rxc2 30. Rb3 Be7 31. Nb6 h5 32. Nd7 Nh6
33. Rc3 Rxb2 34. Nxf8 Ng4 35. Rh1 Bxf8 36. Rc8 Rd2 37. Kh4 Nxh2 38. Kxh5 f6
39. Bc7 Kf7 40. Bb6 Be7 41. Kh4 f5+ 42. Kh3 Ng4 43. Bc7 Rc2 44. Be5 Rxc8 45.
Kg2 Nxe5 46. fxe5 Rc2+ 47. Kh3 g5 48. Rf1 g4# {White checkmated} 0-1

[Event "ICCopen2017"]
[Site "Internet Chess Club"]
[Date "2017.03.25"]
[Round "6"]
[White "Eigeneier"]
[Black "Trentosk"]
[Result "0-1"]
[ICCResult "White resigns"]
[WhiteElo "1936"]
[BlackElo "2551"]
[Opening "Queen's pawn game"]
[ECO "E06"]
[NIC "CA.05"]
[Time "15:05:59"]
[TimeControl "180+0"]

1. d4 Nf6 2. Nf3 e6 3. g3 Be7 4. Bg2 O-O 5. c4 d5 6. O-O dxc4 7. Ne5 Nc6 8.
e3 Nxe5 9. dxe5 Qxd1 10. Rxd1 Nd7 11. f4 Nb6 12. Nc3 a6 13. Bd2 Rb8 14. a4
c6 15. Ne4 Nd5 16. Kf2 b5 17. Bc3 b4 18. Bd4 f5 19. Nd6 c3 20. bxc3 bxc3 21.
Bxd5 cxd5 22. Bxc3 Bd7 23. a5 Rb3 24. Bd4 Rfb8 25. Bb6 Rb2+ 26. Kf3 Rxh2 27.
Rac1 Be8 28. g4 fxg4+ 29. Kxg4 Bh5+ 30. Kg3 Rh4 31. Rc7 Bxd1 32. Rxe7 Rg4+
33. Kh3 h5 34. Ra7 Be2 35. Re7 Bf1+ 36. Kh2 Rg2+ 37. Kh1 h4 38. Rxe6 h3 39.
Nf5 Be2 40. Ne7+ Kh7 41. Rg6 Rxg6 42. Nxg6 Kxg6 43. Kh2 Bf1 44. Kg3 Kf5 45.
Kh2 Rc8 46. e6 Kxe6 47. Kg3 Kf5 48. e4+ dxe4 49. Be3 Rc3 50. Kf2 h2 51. Kxf1
h1=Q+ {White resigns} 0-1

[Event "ICCopen2017"]
[Site "Internet Chess Club"]
[Date "2017.03.25"]
[Round "6"]
[White "Natik"]
[Black "Buscapina"]
[Result "1-0"]
[ICCResult "Black resigns"]
[WhiteElo "2451"]
[BlackElo "2134"]
[Opening "QGD: Cambridge Springs defense"]
[ECO "D52"]
[NIC "QO.15"]
[Time "15:06:39"]
[TimeControl "180+0"]

1. d4 e6 2. c4 d5 3. Nc3 Nf6 4. Nf3 Nbd7 5. Bg5 c6 6. e3 Qa5 7. Nd2 Bb4 8.
Rc1 O-O 9. Bxf6 Nxf6 10. a3 Be7 11. Bd3 Qd8 12. O-O b6 13. Nf3 Bb7 14. Ne5
Rc8 15. f4 c5 16. cxd5 cxd4 17. exd4 exd5 18. Qf3 Ne4 19. Bxe4 dxe4 20. Qe3
f6 21. Ng4 Qd7 22. f5 Rfd8 23. Rcd1 Rc4 24. Ne2 Rc2 25. Nf4 Rdc8 26. Ne6
Rxb2 27. Qg3 Kh8 28. Ne5 Bd6 29. Nxd7 Bxg3 30. hxg3 Rcc2 31. Nf4 e3 32. Rfe1
Bxg2 33. Rxe3 h5 34. Re8+ Kh7 35. Nf8+ Kh6 36. N8e6 Kh7 37. Ng6 {Black
resigns} 1-0

[Event "ICCopen2017"]
[Site "Internet Chess Club"]
[Date "2017.03.25"]
[Round "6"]
[White "Gravity"]
[Black "sonofmarabu"]
[Result "0-1"]
[ICCResult "White forfeits on time"]
[WhiteElo "1106"]
[BlackElo "1648"]
[Opening "Queen's gambit declined"]
[ECO "D30"]
[NIC "QP.08"]
[Time "15:05:57"]
[TimeControl "180+0"]

1. d4 d5 2. c4 e6 3. e3 Nf6 4. a3 Nbd7 5. b4 c6 6. Nf3 Be7 7. Bb2 O-O 8. Nc3
b6 9. c5 bxc5 10. dxc5 a5 11. Nd4 Bb7 12. Bd3 e5 13. Nf5 e4 14. Nxe7+ Qxe7
15. Be2 Ba6 16. Qd4 axb4 17. axb4 Bxe2 18. Nxe2 Rxa1+ 19. Bxa1 Re8 20. O-O
Qe5 21. Qd2 Qh5 22. Nf4 Qh6 23. Qe2 g5 24. Nh3 Ne5 25. b5 cxb5 26. Qxb5 Kf8
27. Bxe5 Rxe5 28. c6 Ne8 29. Qc5+ Qd6 30. Qxd6+ Nxd6 31. Rc1 f6 32. c7 Nc8
33. f3 exf3 34. gxf3 Rxe3 35. Kf2 Re7 36. Kg3 Kg7 37. Nf2 Kg6 38. Nd3 h5 39.
Nc5 Re2 40. Nd7 f5 41. Ne5+ Rxe5 42. f4 Re2 43. Kf3 Re4 44. Rc6+ Kf7 45.
Rf6+ Kxf6 46. Kf2 g4 47. Kg3 Re3+ {White forfeits on time} 0-1

[Event "ICCopen2017"]
[Site "Internet Chess Club"]
[Date "2017.03.25"]
[Round "6"]
[White "PerMag"]
[Black "AnthonyRaelund"]
[Result "1-0"]
[ICCResult "Black forfeits on time"]
[WhiteElo "1701"]
[BlackElo "1432"]
[Opening "Sicilian: Prins (Moscow) variation"]
[ECO "B55"]
[NIC "SI.01"]
[Time "15:06:15"]
[TimeControl "180+0"]

1. e4 c5 2. Nf3 d6 3. d4 cxd4 4. Nxd4 Nf6 5. f3 a6 6. Be3 e5 7. Nb3 Be6 8.
a4 Be7 9. Nc3 O-O 10. Be2 Nbd7 11. O-O Rc8 12. Qe1 Nb6 13. a5 Nc4 14. Bc1 d5
15. exd5 Nxd5 16. Bxc4 Rxc4 17. Qxe5 Nxc3 18. bxc3 Bf6 19. Qe2 Bxc3 20. Rd1
Qc7 21. Be3 Bxa1 22. Nxa1 Rc8 23. Bb6 Qc6 24. h3 h6 25. Qd3 Rc3 26. Qd4 Qc4
27. Qf2 Ra3 28. Re1 Qc3 29. Bd4 Qc4 30. c3 Rxa5 31. Nc2 Ra2 32. Re2 Bf5 33.
Qe3 Rxc2 34. Rxc2 Bxc2 35. Qe5 f6 36. Qg3 Qe2 37. Bxf6 Qd1+ 38. Kh2 Rc7 39.
Qxc7 gxf6 40. Qc8+ Kg7 41. Qxb7+ Kg6 42. Qxa6 Qd3 43. Qxd3+ Bxd3 44. g4 Kf7
45. Kg3 Ke6 46. Kf4 Kd5 47. h4 Kc4 48. g5 Kxc3 49. gxf6 Kc4 50. f7 Kc5 51.
f8=Q+ Kd4 52. Qxh6 {Black forfeits on time} 1-0

[Event "ICCopen2017"]
[Site "Internet Chess Club"]
[Date "2017.03.25"]
[Round "6"]
[White "ajam"]
[Black "Alikfish"]
[Result "1/2-1/2"]
[ICCResult "Game drawn by repetition"]
[WhiteElo "1886"]
[BlackElo "1825"]
[Opening "Nimzo-Indian: classical, Noa variation"]
[ECO "E34"]
[NIC "NI.23"]
[Time "15:06:32"]
[TimeControl "180+0"]

1. c4 e6 2. Nc3 Nf6 3. d4 Bb4 4. Qc2 d5 5. e3 O-O 6. Nf3 c5 7. a3 Bxc3+ 8.
bxc3 Nc6 9. Bd3 dxc4 10. Bxc4 Nd5 11. O-O a6 12. a4 cxd4 13. cxd4 Bd7 14. e4
Nb6 15. Ba2 Rc8 16. Qe2 Na5 17. Bf4 Nxa4 18. Ng5 h6 19. Nf3 Bb5 20. Qd1 Nc3
21. Qd2 Nxa2 22. Bxh6 f6 23. Rxa2 Bxf1 24. Kxf1 Nc4 25. Qf4 e5 26. Qh4 gxh6
27. Qxh6 Rc7 28. h4 exd4 29. Qf4 d3 30. Ra1 d2 31. Rd1 Qd3+ 32. Kg1 Rd7 33.
Qg4+ Rg7 34. Qe6+ Kh8 35. Qf5 Rfg8 36. Qh5+ Rh7 37. Qf5 Qc3 38. e5 fxe5 39.
Qf6+ Rhg7 40. Qh6+ Rh7 41. Qf6+ Rgg7 42. Qf8+ Rg8 43. Qf6+ Rhg7 44. Ng5 Qc2
45. Qh6+ Rh7 46. Qf6+ Rgg7 47. Qf8+ Rg8 48. Qf6+ Rgg7 49. Qf8+ Rg8 50. Qf6+
{Game drawn by repetition}
1/2-1/2

[Event "ICCopen2017"]
[Site "Internet Chess Club"]
[Date "2017.03.25"]
[Round "6"]
[White "jasrom"]
[Black "geom"]
[Result "1-0"]
[ICCResult "Black resigns"]
[WhiteElo "1973"]
[BlackElo "1602"]
[Opening "Ruy Lopez: exchange variation, 5.O-O"]
[ECO "C68"]
[NIC "RL.08"]
[Time "15:07:08"]
[TimeControl "180+0"]

1. e4 e5 2. Nf3 Nc6 3. Bb5 a6 4. Bxc6 dxc6 5. O-O Bg4 6. h3 Bh5 7. d3 Bd6 8.
Nbd2 Ne7 9. b3 O-O 10. Bb2 f6 11. Qe1 Qd7 12. d4 Qe6 13. c3 Rae8 14. Qe3 f5
15. dxe5 Bxe5 16. Nxe5 Qxe5 17. f4 Qb5 18. c4 Qb6 19. Bd4 c5 20. Bxc5 Qe6
21. e5 Rf7 22. Nf3 Bxf3 23. Qxf3 g6 24. Bxe7 Rfxe7 25. Rad1 Rd7 26. Rxd7
Qxd7 27. Qd5+ Qxd5 28. cxd5 Kf7 29. Kf2 Rd8 30. Rd1 c6 31. d6 Ke6 32. h4 h5
33. g3 Rd7 34. Ke3 Rd8 35. a4 Rd7 36. a5 Rd8 37. Kd4 Rd7 38. Kc5 Rf7 39. Kb6
Rd7 40. b4 Rf7 41. d7 Rxd7 42. Rxd7 Kxd7 43. Kxb7 {Black resigns} 1-0

[Event "ICCopen2017"]
[Site "Internet Chess Club"]
[Date "2017.03.25"]
[Round "6"]
[White "halski"]
[Black "Tasmaniandevil"]
[Result "1-0"]
[ICCResult "Black forfeits on time"]
[WhiteElo "2412"]
[BlackElo "2020"]
[Opening "Benko's opening"]
[ECO "A00"]
[NIC "VO.09"]
[Time "15:05:56"]
[TimeControl "180+0"]

1. g3 d5 2. Bg2 e5 3. d3 f5 4. c4 c6 5. cxd5 cxd5 6. Nc3 Nf6 7. Bg5 Be6 8.
Qb3 Nbd7 9. Bxf6 Nxf6 10. Qxb7 Rb8 11. Qc6+ Bd7 12. Qa6 Rxb2 13. Nxd5 Nxd5
14. Bxd5 Rb6 15. Qc4 Qf6 16. Nf3 e4 17. Nd4 Rb4 18. Qc7 Qxd4 19. O-O Qxd5
20. dxe4 Qxe4 21. Rfd1 Rb7 22. Qc3 Bc6 23. f3 Bb4 24. Qc1 Qe6 25. a3 Ba5 26.
Qf4 O-O 27. Rd6 Qxe2 28. Rxc6 Rb2 29. Qc4+ Qxc4 30. Rxc4 Bb6+ 31. Kh1 Re8
32. Rac1 Ree2 33. Rc8+ Kf7 34. R8c7+ Bxc7 35. Rxc7+ Ke6 36. Rc6+ Kd5 37. Rc1
Rxh2+ 38. Kg1 Rbg2+ 39. Kf1 Rxg3 40. Rd1+ Ke5 41. Re1+ Kf4 42. Re2 Rh1+ 43.
Kf2 {Black forfeits on time} 1-0

[Event "ICCopen2017"]
[Site "Internet Chess Club"]
[Date "2017.03.25"]
[Round "6"]
[White "P10"]
[Black "JCT2000"]
[Result "0-1"]
[ICCResult "White resigns"]
[WhiteElo "1530"]
[BlackElo "1900"]
[Opening "Sicilian: Nimzovich-Rubinstein; Rubinstein counter-gambit"]
[ECO "B29"]
[NIC "SI.43"]
[Time "15:07:02"]
[TimeControl "180+0"]

1. e4 c5 2. Nf3 Nf6 3. e5 Nd5 4. Nc3 e6 5. Nxd5 exd5 6. d4 Nc6 7. Bf4 d6 8.
Bb5 Qa5+ 9. c3 Qxb5 10. exd6 Be6 11. a4 Qxb2 12. O-O O-O-O 13. dxc5 Qxc3 14.
a5 Qxc5 15. a6 Bxd6 16. axb7+ Kxb7 17. Be3 d4 18. Nxd4 Nxd4 19. Bxd4 Qxd4
20. Qxd4 Bxh2+ 21. Kxh2 Rxd4 22. Rfb1+ Ka8 23. Rc1 Rc8 24. Rcb1 Rh4+ 25. Kg1
Rhc4 26. Re1 h5 27. f3 h4 28. Kh2 Rc2 29. Re3 h3 30. Rea3 Rxg2+ 31. Kh1 Rc7
32. Rd1 Bd7 33. Re1 Bc6 34. Rb3 a5 35. Re8+ Bxe8 {White resigns} 0-1

[Event "ICCopen2017"]
[Site "Internet Chess Club"]
[Date "2017.03.25"]
[Round "6"]
[White "UnderArmour"]
[Black "Fight-Chess"]
[Result "0-1"]
[ICCResult "White checkmated"]
[WhiteElo "1946"]
[BlackElo "1762"]
[Opening "Sicilian: Nimzovich-Rossolimo attack (with ...g6, without ...d6)"]
[ECO "B31"]
[NIC "SI.31"]
[Time "15:06:28"]
[TimeControl "180+0"]

1. e4 c5 2. Nf3 Nc6 3. Bb5 g6 4. Bxc6 dxc6 5. d3 Bg7 6. Nc3 e5 7. Be3 Qd6 8.
Qd2 h6 9. h3 Ne7 10. Nh2 Be6 11. f4 f5 12. O-O O-O-O 13. a3 exf4 14. Bxf4
Qd4+ 15. Be3 Qd6 16. b4 Bd4 17. bxc5 Qxc5 18. Bxd4 Qxd4+ 19. Kh1 fxe4 20.
Rf4 Bf5 21. Nf3 Qg7 22. Nxe4 Qxa1+ 23. Kh2 Bxe4 24. Rxe4 Nf5 25. Qa5 Kb8 26.
Ne5 Rhe8 27. Nd7+ Kc8 28. Nf6 Rxe4 29. Nxe4 a6 30. Qc5 Qd4 31. Qa5 Nd6 32.
c3 Qe3 33. Nc5 Qf4+ 34. Kg1 Re8 35. c4 Nf5 36. Ne4 Qe3+ 37. Kh2 Qxd3 38. Nf2
Qg3+ 39. Kg1 Ne3 40. Qg5 hxg5 41. Ng4 Qxg2# {White checkmated} 0-1

[Event "ICCopen2017"]
[Site "Internet Chess Club"]
[Date "2017.03.25"]
[Round "6"]
[White "sanka"]
[Black "Theunrock"]
[Result "0-1"]
[ICCResult "White checkmated"]
[WhiteElo "1321"]
[BlackElo "1685"]
[Opening "Four knights: Rubinstein counter-gambit, exchange variation"]
[ECO "C48"]
[NIC "KP.03"]
[Time "15:05:59"]
[TimeControl "180+0"]

1. e4 e5 2. Nf3 Nc6 3. Nc3 Nf6 4. Bb5 Nd4 5. Nxd4 exd4 6. Ne2 Bc5 7. O-O
Nxe4 8. d3 Nf6 9. Re1 O-O 10. Bg5 c6 11. Bc4 d5 12. Bb3 Qd6 13. Ng3 Bb4 14.
Rf1 h6 15. Bd2 Bxd2 16. Qxd2 Be6 17. Rfe1 c5 18. c3 dxc3 19. bxc3 Rfd8 20.
Bc2 d4 21. c4 b6 22. Re2 Bg4 23. f3 Be6 24. Rae1 Re8 25. f4 Bg4 26. Rxe8+
Rxe8 27. Rxe8+ Nxe8 28. h3 Bd7 29. Bd1 Nc7 30. Qf2 Ne6 31. f5 Nf4 32. Ne4
Qe5 33. f6 g5 34. Qf3 Bc6 35. h4 Nxd3 36. Qxd3 Qxe4 37. Qxe4 Bxe4 38. hxg5
hxg5 39. Bg4 Kh7 40. Kf2 Kg6 41. Bf3 Bxf3 42. gxf3 Kxf6 43. Ke2 Ke5 44. Kd3
f5 45. a3 f4 46. a4 a5 47. Ke2 Kf5 48. Kd3 g4 49. fxg4+ Kxg4 50. Ke4 Kg3 51.
Kd5 f3 52. Kc6 f2 53. Kxb6 d3 54. Kxc5 d2 55. Kb5 d1=Q 56. c5 Qb3+ 57. Kxa5
f1=Q 58. c6 Qfc4 59. c7 Qxc7+ 60. Ka6 Qbb6# {White checkmated} 0-1

[Event "ICCopen2017"]
[Site "Internet Chess Club"]
[Date "2017.03.25"]
[Round "6"]
[White "HuevosDeLeon"]
[Black "fisek2007"]
[Result "1-0"]
[ICCResult "Black checkmated"]
[WhiteElo "2613"]
[BlackElo "2334"]
[Opening "Queen's pawn, Mason variation"]
[ECO "D00"]
[NIC "QP.08"]
[Time "15:06:41"]
[TimeControl "180+0"]

1. d4 d5 2. Bf4 Nf6 3. e3 c6 4. Nf3 Bg4 5. c4 e6 6. Nc3 Nbd7 7. Qb3 Qb6 8.
c5 Qxb3 9. axb3 Bxf3 10. gxf3 a6 11. b4 Rc8 12. h4 h5 13. Nb1 Be7 14. Nd2
Bd8 15. Nb3 Bc7 16. Bxc7 Rxc7 17. b5 cxb5 18. Bxb5 Ke7 19. Bd3 b6 20. cxb6
Nxb6 21. Rxa6 Nc4 22. Bxc4 dxc4 23. Nc5 Rb8 24. Ra2 c3 25. Ke2 cxb2 26. Rb1
Nd7 27. Nxd7 Kxd7 28. Raxb2 Rxb2+ 29. Rxb2 Rc1 30. Rb7+ Ke8 31. Kd3 Rh1 32.
Ke4 Rxh4+ 33. Ke5 Kf8 34. f4 Rh2 35. f5 exf5 36. d5 Rxf2 37. d6 g5 38. Rb8+
Kg7 39. d7 Rd2 40. d8=Q Rxd8 41. Rxd8 Kg6 42. Rg8+ Kh6 43. Kxf5 h4 44. Rxg5
h3 45. Rg3 Kh5 46. Rxh3# {Black checkmated} 1-0

[Event "ICCopen2017"]
[Site "Internet Chess Club"]
[Date "2017.03.25"]
[Round "6"]
[White "Rammstein"]
[Black "dhar2603"]
[Result "0-1"]
[ICCResult "White forfeits on time"]
[WhiteElo "2051"]
[BlackElo "1820"]
[Opening "Caro-Kann: advance variation"]
[ECO "B12"]
[NIC "CK.04"]
[Time "15:06:37"]
[TimeControl "180+0"]

1. e4 c6 2. d4 d5 3. e5 Bf5 4. Nf3 e6 5. Be2 c5 6. c3 Nc6 7. O-O Nge7 8. Na3
a6 9. Nc2 Bxc2 10. Qxc2 cxd4 11. cxd4 Nf5 12. Rd1 Rc8 13. Qb3 b5 14. Bg5 Be7
15. Bxe7 Qxe7 16. a4 O-O 17. axb5 axb5 18. Bxb5 Nb4 19. Rac1 Rb8 20. Qa4 Ra8
21. Qb3 Rfb8 22. Be2 Na2 23. Qd3 Nxc1 24. Rxc1 Rxb2 25. h3 Rbb8 26. Qd2 h6
27. Bd3 Nh4 28. Nh2 Qg5 29. Qxg5 hxg5 30. g3 Nf5 31. Bxf5 exf5 32. Nf3 f6
33. exf6 gxf6 34. Rc6 Kf7 35. Rc7+ Kg6 36. Rc6 Ra7 37. Rd6 Re8 38. Rxd5 Ra3
39. Kg2 Re2 40. h4 Ra1 41. Ng1 Ree1 {White forfeits on time} 0-1

[Event "ICCopen2017"]
[Site "Internet Chess Club"]
[Date "2017.03.25"]
[Round "6"]
[White "ibarra"]
[Black "devotional"]
[Result "1-0"]
[ICCResult "Black forfeits on time"]
[WhiteElo "2727"]
[BlackElo "2067"]
[Opening "Four knights: Scotch, 4...exd4"]
[ECO "C47"]
[NIC "RG.01"]
[Time "15:06:25"]
[TimeControl "180+0"]

1. e4 e5 2. Nf3 Nf6 3. Nc3 Nc6 4. d4 exd4 5. Nxd4 Bb4 6. Nxc6 bxc6 7. Bd3 d5
8. exd5 cxd5 9. Qe2+ Qe7 10. Qxe7+ Kxe7 11. Bd2 Be6 12. O-O-O c6 13. Rhe1
Rhe8 14. h3 h6 15. f4 Kf8 16. g4 c5 17. f5 Bd7 18. a3 Ba5 19. b4 cxb4 20.
Na2 Kg8 21. axb4 Bb6 22. Nc3 a5 23. b5 a4 24. Rxe8+ Bxe8 25. Kb2 Bd4 26. Ka3
Rc8 27. Ne2 Bc5+ 28. Kxa4 Ne4 29. Bb4 Ra8+ 30. Kb3 Rb8 31. Nc3 Bxb4 32. Kxb4
Nxc3 33. Kxc3 Bxb5 34. Rb1 Rc8+ 35. Kd4 Bc4 36. Rb7 Rc6 37. Rb2 Kf8 38. Bxc4
Rxc4+ 39. Kxd5 Rc3 40. h4 Ke7 41. Rb7+ Kf6 42. Rb6+ Ke7 43. Rc6 Rg3 44. Rc7+
Kf6 45. Rc6+ Ke7 46. Rc4 Rg2 47. Re4+ Kf6 48. c4 Rd2+ 49. Rd4 h5 50. g5+
Kxf5 51. Rxd2 f6 52. Rf2+ Kg6 53. gxf6 gxf6 54. Ke6 f5 55. Rxf5 Kg7 56. Rg5+
Kh6 57. Kf7 {Black forfeits on time} 1-0

[Event "ICCopen2017"]
[Site "Internet Chess Club"]
[Date "2017.03.25"]
[Round "6"]
[White "chalimo77"]
[Black "motipen"]
[Result "0-1"]
[ICCResult "White forfeits on time"]
[WhiteElo "1576"]
[BlackElo "1810"]
[Opening "Grünfeld: 5.e3"]
[ECO "D94"]
[NIC "GI.09"]
[Time "15:06:55"]
[TimeControl "180+0"]

1. d4 d5 2. Nf3 Nf6 3. e3 g6 4. c4 Bg7 5. Nc3 O-O 6. cxd5 Nxd5 7. Bc4 Nb6 8.
Bb3 a5 9. a4 Na6 10. O-O c5 11. d5 c4 12. Bc2 Nc5 13. Ra3 e6 14. d6 Bd7 15.
e4 Bc6 16. e5 Nbd7 17. Re1 f6 18. Bf4 fxe5 19. Bxe5 Bxf3 20. gxf3 Bxe5 21.
Nb5 Qh4 22. f4 Bxf4 23. Be4 Qxh2+ 24. Kf1 Nxe4 25. Rxe4 e5 26. Qd5+ Rf7 27.
Nc7 Rd8 28. Ne6 Nf6 29. Nxd8 Nxd5 30. Nxf7 Qh1+ 31. Ke2 Qxe4+ 32. Kd1 Kxf7
{White forfeits on time}
0-1

[Event "ICCopen2017"]
[Site "Internet Chess Club"]
[Date "2017.03.25"]
[Round "6"]
[White "Wilsonpalencia"]
[Black "Alfred"]
[Result "1-0"]
[ICCResult "Black checkmated"]
[WhiteElo "2549"]
[BlackElo "1184"]
[Opening "Scotch opening"]
[ECO "C44"]
[NIC "KP.10"]
[Time "15:07:29"]
[TimeControl "180+0"]

1. e4 e5 2. Nf3 Nc6 3. d4 d6 4. Bb5 Be7 5. d5 a6 6. Bxc6+ bxc6 7. dxc6 Nf6
8. Nc3 O-O 9. Bg5 Rb8 10. b3 Rb6 11. Bxf6 Bxf6 12. Nd5 Rxc6 13. a4 Bg4 14.
c4 Bg5 15. O-O f5 16. exf5 e4 17. h3 exf3 18. hxg4 fxg2 19. Kxg2 Qe8 20. f4
Bd8 21. Qe1 Qf7 22. Qe6 h5 23. g5 Kh8 24. Qxf7 Rxf7 25. Rh1 Rxf5 26. Rxh5+
Kg8 27. Re1 Rf7 28. g6 Rd7 29. Re8# {Black checkmated} 1-0